ITL
TUSCALOOSA TROUT SLAYERS @ TRENTON STARS
07/23/2026
 
TOP OF THE 1ST
Tuscaloosa Trout Slayers batting - Pitching for Trenton Stars : LHP Luis Guevara
Pitching: LHP Luis Guevara
Batting: RHB Lawrence Yates 0-0: Ball
1-0: Ball
2-0: Ball
3-0: Called Strike
3-1: Base on Balls
Batting: RHB Pedro Rodríguez 0-0: Ball
1-0: Called Strike
1-1: Ball
2-1: Ball
3-1: Foul Ball, location: 2F
3-2: Base on Balls
Lawrence Yates to second
Batting: RHB Tetsunori Ito 0-0: Ball
1-0: Ball
2-0: Ball
3-0: Called Strike
3-1: Foul Ball, location: 2F
3-2: Foul Ball, location: 2F
3-2: Base on Balls
Lawrence Yates to third
Pedro Rodríguez to second
Batting: LHB Albert Morgan 0-0: Ball
1-0: Fly out, F9 (Flyball, 89M)
Runner from 3rd tags up, SCORES, throw made
Batting: LHB Ed Hart 0-0: Ball
1-0: Ball
2-0: Grounds into double play, 5-4-3 (Groundball, 5)
Top of the 1st over - 1 run(s), 0 hit(s), 0 error(s), 1 left on base; Tuscaloosa 1 - Trenton 0
BOTTOM OF THE 1ST
Trenton Stars batting - Pitching for Tuscaloosa Trout Slayers : RHP Ronald Adams
Pitching: RHP Ronald Adams
Batting: SHB Nick Marshall 0-0: Ball
1-0: Called Strike
1-1: Called Strike
1-2: Ball
2-2: Ball
3-2: Foul Ball, location: 2F
3-2: Strikes out swinging
Batting: RHB Jesús Dávila 0-0: Swinging Strike
0-1: Ball
1-1: SINGLE (Flyball, 78S)
Batting: RHB Nick Bowman 0-0: Grounds into double play, 5-4-3 (Groundball, 56)
Bottom of the 1st over - 0 run(s), 1 hit(s), 0 error(s), 0 left on base; Tuscaloosa 1 - Trenton 0
TOP OF THE 2ND
Tuscaloosa Trout Slayers batting - Pitching for Trenton Stars : LHP Luis Guevara
Batting: LHB Marcos Villarreal 0-0: Swinging Strike
0-1: Ball
1-1: Fly out, F9 (Popup, 34D)
Batting: RHB Dave Hall 0-0: Ball
1-0: Called Strike
1-1: Ball
2-1: Swinging Strike
2-2: Fly out, F3 (Line Drive, 3S)
Batting: RHB Ben Morton 0-0: Swinging Strike
0-1: Ball
1-1: Swinging Strike
1-2: Ball
2-2: Ball
3-2: Foul Ball, location: 2F
3-2: Base on Balls
Batting: RHB Jason Saunders 0-0: Ground out 1-3 (Groundball, 23)
Top of the 2nd over - 0 run(s), 0 hit(s), 0 error(s), 1 left on base; Tuscaloosa 1 - Trenton 0
BOTTOM OF THE 2ND
Trenton Stars batting - Pitching for Tuscaloosa Trout Slayers : RHP Ronald Adams
Batting: LHB Alonzo Medine 0-0: Swinging Strike
0-1: Ball
1-1: Foul Ball, location: 2F
1-2: Foul Ball, location: 2F
1-2: Ball
2-2: Ball
3-2: Foul Ball, location: 2F
3-2: Base on Balls
Batting: RHB Rafael Canales 0-0: Reached on Error, E7 (Flyball, 7LM)
Alonzo Medine to second
Batting: LHB Alberto Gómez 0-0: Ball
1-0: Swinging Strike
1-1: Foul Ball, location: 2F
1-2: Strikes out swinging
Batting: LHB Ju-wei Shiu 0-0: Called Strike
0-1: Ball
1-1: Swinging Strike
1-2: Ball
2-2: Foul Ball, location: 2F
2-2: Foul Ball, location: 2F
2-2: Foul Ball, location: 2F
2-2: Strikes out swinging
Batting: RHB Jonas Uttley 0-0: Ball
Wild Pitch!
Alonzo Medine to third
Rafael Canales to second
1-0: Swinging Strike
1-1: Ball
2-1: Foul Ball, location: 2F
2-2: Foul Ball, location: 2F
2-2: Fly out, F9 (Flyball, 9D)
Bottom of the 2nd over - 0 run(s), 0 hit(s), 1 error(s), 2 left on base; Tuscaloosa 1 - Trenton 0
TOP OF THE 3RD
Tuscaloosa Trout Slayers batting - Pitching for Trenton Stars : LHP Luis Guevara
Batting: RHB Lawrence Yates 0-0: Swinging Strike
0-1: Ball
1-1: Foul Ball, location: 2F
1-2: Foul Ball, location: 2F
1-2: Ground out 1-3 (Groundball, 2L)
Pitching: LHP Michael Puckett
Batting: RHB Pedro Rodríguez 0-0: Ball
1-0: Swinging Strike
1-1: Ball
2-1: Foul Ball, location: 2F
2-2: Ball
3-2: Base on Balls
Batting: RHB Tetsunori Ito 0-0: Foul Ball, location: 2F
0-1: Ball
1-1: Foul Ball, location: 2F
1-2: Foul Ball, location: 2F
1-2: SINGLE (Line Drive, 56D)
Pedro Rodríguez to second
Batting: LHB Albert Morgan 0-0: Swinging Strike
0-1: Foul Ball, location: 2F
0-2: Ball
1-2: Foul Ball, location: 2F
1-2: Ball
2-2: Foul Ball, location: 2F
2-2: Ball
3-2: Strikes out swinging
Batting: LHB Ed Hart 0-0: Called Strike
0-1: Ball
1-1: Fly out, F8 (Flyball, 8LD)
Top of the 3rd over - 0 run(s), 1 hit(s), 0 error(s), 2 left on base; Tuscaloosa 1 - Trenton 0
BOTTOM OF THE 3RD
Trenton Stars batting - Pitching for Tuscaloosa Trout Slayers : RHP Ronald Adams
Batting: RHB Chris Cole 0-0: Fly out, F8 (Flyball, 78S)
Batting: SHB Nick Marshall 0-0: Called Strike
0-1: Fly out, F7 (Flyball, 7D)
Batting: RHB Jesús Dávila 0-0: Called Strike
0-1: Ground out 3-1 (Groundball, 34)
Bottom of the 3rd over - 0 run(s), 0 hit(s), 0 error(s), 0 left on base; Tuscaloosa 1 - Trenton 0
TOP OF THE 4TH
Tuscaloosa Trout Slayers batting - Pitching for Trenton Stars : LHP Michael Puckett
Batting: LHB Marcos Villarreal 0-0: Ball
1-0: Foul Ball, location: 2F
1-1: Foul Ball, location: 2F
1-2: Ball
2-2: Fly out, F7 (Flyball, 78S)
Batting: RHB Dave Hall 0-0: Called Strike
0-1: Fly out, F1 (Popup, 25)
Batting: RHB Ben Morton 0-0: Ball
1-0: Ground out 1-3 (Groundball, 15)
Top of the 4th over - 0 run(s), 0 hit(s), 0 error(s), 0 left on base; Tuscaloosa 1 - Trenton 0
BOTTOM OF THE 4TH
Trenton Stars batting - Pitching for Tuscaloosa Trout Slayers : RHP Ronald Adams
Batting: RHB Nick Bowman 0-0: Ball
1-0: Foul Ball, location: 2F
1-1: Ball
2-1: Foul Ball, location: 2F
2-2: Foul Ball, location: 2F
2-2: Strikes out swinging
Batting: LHB Alonzo Medine 0-0: Ball
1-0: Ball
2-0: Ball
3-0: Base on Balls
Batting: RHB Rafael Canales 0-0: Ball
1-0: Swinging Strike
1-1: Ball
2-1: SINGLE (Line Drive, 6D)
Alonzo Medine to second
Batting: LHB Alberto Gómez 0-0: Called Strike
0-1: Ball
1-1: Foul Ball, location: 2F
1-2: Strikes out swinging
Batting: LHB Ju-wei Shiu 0-0: Called Strike
0-1: Ball
1-1: Called Strike
1-2: Fly out, F9 (Flyball, 89XD)
Bottom of the 4th over - 0 run(s), 1 hit(s), 0 error(s), 2 left on base; Tuscaloosa 1 - Trenton 0
TOP OF THE 5TH
Tuscaloosa Trout Slayers batting - Pitching for Trenton Stars : LHP Michael Puckett
Batting: RHB Jason Saunders 0-0: Foul Ball, location: 2F
0-1: Ground out 6-3 (Groundball, 6)
Batting: RHB Lawrence Yates 0-0: Ball
1-0: Ball
2-0: Foul Ball, location: 2F
2-1: Called Strike
2-2: Ball
3-2: DOUBLE (Line Drive, 8RM)
Pitching: RHP Alfredo Ruíz
Batting: RHB Pedro Rodríguez 0-0: Called Strike
0-1: Ball
1-1: Ball
2-1: Swinging Strike
2-2: Foul Ball, location: 2F
2-2: Foul Ball, location: 2F
2-2: Foul Ball, location: 2F
2-2: Foul Ball, location: 2F
2-2: Ground out 6-3 (Groundball, 56)
Batting: RHB Tetsunori Ito 0-0: Ground out 4-3 (Groundball, 4)
Top of the 5th over - 0 run(s), 1 hit(s), 0 error(s), 1 left on base; Tuscaloosa 1 - Trenton 0
BOTTOM OF THE 5TH
Trenton Stars batting - Pitching for Tuscaloosa Trout Slayers : RHP Ronald Adams
Batting: RHB Jonas Uttley 0-0: Ball
1-0: Foul Ball, location: 2F
1-1: Ball
2-1: Foul Ball, location: 2F
2-2: Foul Ball, location: 2F
2-2: Foul Ball, location: 2F
2-2: Foul Ball, location: 2F
2-2: SINGLE (Flyball, 4D)
Batting: RHB Chris Cole 0-0: Swinging Strike
0-1: Foul Ball, location: 2F
0-2: Ball
1-2: Foul Ball, location: 2F
1-2: Ball
2-2: Foul Ball, location: 2F
2-2: SINGLE (Line Drive, 56)
Jonas Uttley to second
Batting: SHB Nick Marshall 0-0: Ball
1-0: Foul Ball, location: 2F
1-1: Fielders Choice at 2nd, 4-6 (Groundball, 4)
Jonas Uttley to third
Batting: RHB Jesús Dávila 0-0: Ball
1-0: Called Strike
Nick Marshall steals 2nd base
1-1: Called Strike
1-2: Foul Ball, location: 2F
1-2: Foul Ball, location: 2F
1-2: Ball
2-2: Ground out 1-3 (Groundball, 13S)
Pitching: RHP Jules Côté
Batting: RHB Nick Bowman 0-0: Ball
1-0: Fly out, F8 (Flyball, 8LS)
Bottom of the 5th over - 0 run(s), 2 hit(s), 0 error(s), 2 left on base; Tuscaloosa 1 - Trenton 0
TOP OF THE 6TH
Tuscaloosa Trout Slayers batting - Pitching for Trenton Stars : RHP Alfredo Ruíz
Batting: LHB Albert Morgan 0-0: Ball
1-0: Called Strike
1-1: Ground out U3 (Groundball, 3)
Batting: LHB Ed Hart 0-0: Ball
1-0: DOUBLE (Line Drive, 7LS)
Batting: LHB Marcos Villarreal 0-0: Intentional Walk
Batting: RHB Dave Hall 0-0: SINGLE (Groundball, 56)
Ed Hart to third
Marcos Villarreal to second
Runner from 3rd tries for Home, SAFE, throw made home
Marcos Villarreal to third
Dave Hall to second
Batting: RHB Ben Morton 0-0: Called Strike
0-1: Reached on error, E5 (Groundball, 5L)
Marcos Villarreal scores
Dave Hall to third
Batting: RHB Jason Saunders 0-0: Ball
1-0: Ball
2-0: Swinging Strike
2-1: Ball
3-1: Base on Balls
Ben Morton to second
Batting: RHB Lawrence Yates 0-0: Ball
1-0: DOUBLE (Line Drive, 78D)
Dave Hall scores
Ben Morton scores
Jason Saunders to third
Batting: RHB Pedro Rodríguez 0-0: Ball
1-0: Ball
2-0: Ball
3-0: Ground out 6-3 (Groundball, 6)
Jason Saunders scores
Batting: RHB Tetsunori Ito 0-0: Ball
1-0: Ball
2-0: Ball
3-0: Called Strike
3-1: Base on Balls
Batting: LHB Albert Morgan 0-0: SINGLE (Groundball, 34S)
Lawrence Yates to third
Tetsunori Ito to second
Runner from 3rd tries for Home, SAFE, throw made at trailing runner, OUT at third!
Top of the 6th over - 6 run(s), 4 hit(s), 1 error(s), 1 left on base; Tuscaloosa 7 - Trenton 0
BOTTOM OF THE 6TH
Trenton Stars batting - Pitching for Tuscaloosa Trout Slayers : RHP Jules Côté
Batting: LHB Alonzo Medine 0-0: Ball
1-0: Swinging Strike
1-1: Swinging Strike
1-2: Ball
2-2: Foul Ball, location: 2F
2-2: Ball
3-2: Strikes out swinging
Batting: RHB Rafael Canales 0-0: Called Strike
0-1: SINGLE (Line Drive, 8RS)
Batting: LHB Alberto Gómez 0-0: Ball
1-0: Ball
2-0: Called Strike
2-1: Swinging Strike
2-2: Ball
3-2: Strikes out swinging
Batting: LHB Ju-wei Shiu 0-0: Ball
1-0: Ball
2-0: Called Strike
2-1: Ball
3-1: Fly out, F9 (Flyball, 9D)
Bottom of the 6th over - 0 run(s), 1 hit(s), 0 error(s), 1 left on base; Tuscaloosa 7 - Trenton 0
TOP OF THE 7TH
Tuscaloosa Trout Slayers batting - Pitching for Trenton Stars : RHP Alfredo Ruíz
Batting: LHB Ed Hart 0-0: Ball
1-0: Called Strike
1-1: SINGLE (Flyball, 7S)
Batting: LHB Marcos Villarreal 0-0: DOUBLE (Groundball, 3L)
Ed Hart to third
Batting: RHB Dave Hall 0-0: Ball
1-0: SINGLE (Groundball, 5S) (infield hit)
Ed Hart scores
Marcos Villarreal to third
Batting: RHB Ben Morton 0-0: Ball
Dave Hall steals 2nd base
1-0: Ball
2-0: Ball
3-0: Called Strike
3-1: Foul Ball, location: 2F
3-2: Base on Balls
Batting: RHB Jason Saunders 0-0: Ball
1-0: Called Strike
1-1: Foul Ball, location: 2F
1-2: Ball
2-2: Foul Ball, location: 2F
2-2: Ball
3-2: Base on Balls
Marcos Villarreal scores
Dave Hall to third
Ben Morton to second
Batting: RHB Lawrence Yates 0-0: Foul Ball, location: 2F
0-1: Ball
1-1: SINGLE (Line Drive, 5L)
Dave Hall scores
Ben Morton to third
Jason Saunders to second
Pitching: RHP Ki-tong Shiu
Batting: RHB Pedro Rodríguez 0-0: Ball
1-0: Foul Ball, location: 2F
1-1: Foul Ball, location: 2F
1-2: Ball
2-2: Grounds into double play, 5-4-3 (Groundball, 56)
Ben Morton scores
Jason Saunders to third
Batting: RHB Tetsunori Ito 0-0: Ground out 4-3 (Groundball, 6M)
Top of the 7th over - 4 run(s), 4 hit(s), 0 error(s), 1 left on base; Tuscaloosa 11 - Trenton 0
BOTTOM OF THE 7TH
Trenton Stars batting - Pitching for Tuscaloosa Trout Slayers : RHP Jules Côté
Batting: RHB Jonas Uttley 0-0: Called Strike
0-1: SINGLE (Line Drive, 3)
Batting: RHB Chris Cole 0-0: Fly out, F6 (Popup, 6M)
Batting: SHB Nick Marshall 0-0: Foul Ball, location: 2F
0-1: Ball
1-1: Foul Ball, location: 2F
1-2: Ball
2-2: Strikes out looking
Batting: RHB Jesús Dávila 0-0: Ball
1-0: Ball
2-0: Fly out, F8 (Flyball, 8LS)
Bottom of the 7th over - 0 run(s), 1 hit(s), 0 error(s), 1 left on base; Tuscaloosa 11 - Trenton 0
TOP OF THE 8TH
Tuscaloosa Trout Slayers batting - Pitching for Trenton Stars : RHP Ki-tong Shiu
Batting: LHB Albert Morgan 0-0: Ground out 6-3 (Groundball, 6M)
Batting: LHB Ed Hart 0-0: Ball
1-0: DOUBLE (Flyball, 78XD)
Batting: LHB Marcos Villarreal 0-0: Called Strike
0-1: Ball
1-1: Fly out, F5 (Popup, 15)
Batting: RHB Dave Hall 0-0: Called Strike
0-1: Ball
1-1: SINGLE (Groundball, 34D)
Ed Hart to third
Runner from 3rd tries for Home, SAFE, throw made home
Dave Hall to second
Batting: RHB Ben Morton 0-0: SINGLE (Groundball, 6MD)
Dave Hall to third
Runner from 3rd tries for Home, SAFE, no throw or cutoff
Batting: RHB Jason Saunders 0-0: Called Strike
0-1: Foul Ball, location: 2F
0-2: Strikes out swinging
Top of the 8th over - 2 run(s), 3 hit(s), 0 error(s), 1 left on base; Tuscaloosa 13 - Trenton 0
BOTTOM OF THE 8TH
Trenton Stars batting - Pitching for Tuscaloosa Trout Slayers : RHP Jules Côté
Pitching: LHP Claude Pinard
Batting: RHB Nick Bowman 0-0: Foul Ball, location: 2F
0-1: Swinging Strike
0-2: Ball
1-2: Ball
2-2: Foul Ball, location: 2F
2-2: Ball
3-2: Ground out 6-3 (Groundball, 6M)
Batting: LHB Alonzo Medine 0-0: Called Strike
0-1: SINGLE (Flyball, 4D)
Batting: RHB Rafael Canales 0-0: Ground out 5-3 (Groundball, 6)
Alonzo Medine to second
Batting: LHB Alberto Gómez 0-0: Ball
1-0: Called Strike
1-1: Swinging Strike
1-2: Strikes out swinging
Bottom of the 8th over - 0 run(s), 1 hit(s), 0 error(s), 1 left on base; Tuscaloosa 13 - Trenton 0
TOP OF THE 9TH
Tuscaloosa Trout Slayers batting - Pitching for Trenton Stars : RHP Ki-tong Shiu
Batting: RHB Lawrence Yates 0-0: Ball
1-0: Ball
2-0: Ball
3-0: Called Strike
3-1: Base on Balls
Batting: RHB Pedro Rodríguez 0-0: Sac Bunt - play at first, batter OUT! 1-3
Lawrence Yates to second
Batting: RHB Tetsunori Ito 0-0: Ball
1-0: Ball
2-0: Ball
3-0: Called Strike
3-1: Foul Ball, location: 2F
3-2: Strikes out swinging
Batting: LHB Albert Morgan 0-0: SINGLE (Groundball, 34D)
Lawrence Yates to third
Runner from 3rd tries for Home, SAFE, no throw or cutoff
Batting: LHB Ed Hart 0-0: Ball
1-0: Ball
Throwing error on steal attempt, E2
Albert Morgan to third
2-0: Ball
3-0: Base on Balls
Batting: LHB Marcos Villarreal 0-0: Called Strike
0-1: DOUBLE (Groundball, 3L)
Albert Morgan scores
Ed Hart to third
Runner from 3rd tries for Home, SAFE, throw made at trailing runner, SAFE at third!
Pitching: RHP Rob Bass
Batting: RHB Dave Hall 0-0: Ball
1-0: Ball
2-0: Ball
3-0: Called Strike
3-1: Base on Balls
Batting: RHB Ben Morton 0-0: DOUBLE (Groundball, 3L)
Marcos Villarreal scores
Dave Hall to third
Runner from 3rd tries for Home, SAFE, no throw or cutoff
Batting: RHB Jason Saunders 0-0: Ball
1-0: Swinging Strike
1-1: Fly out, F9 (Line Drive, 9M)
Top of the 9th over - 5 run(s), 3 hit(s), 1 error(s), 1 left on base; Tuscaloosa 18 - Trenton 0
BOTTOM OF THE 9TH
Trenton Stars batting - Pitching for Tuscaloosa Trout Slayers : LHP Claude Pinard
Now in RF: Lowie van den Bogaert
Batting: LHB Ju-wei Shiu 0-0: Ball
1-0: Ground out 4-3 (Groundball, 4M)
Batting: RHB Jonas Uttley 0-0: Called Strike
0-1: Swinging Strike
0-2: Ground out 6-3 (Groundball, 56)
Batting: RHB Chris Cole 0-0: Called Strike
0-1: Called Strike
0-2: Ball
1-2: SINGLE (Line Drive, 56)
Batting: SHB Nick Marshall 0-0: Ball
1-0: 2-RUN HOME RUN (Flyball, 78XD), Distance : 402 ft
Batting: RHB Jesús Dávila 0-0: Ball
1-0: SOLO HOME RUN (Flyball, 89D), Distance : 391 ft
Batting: RHB Nick Bowman 0-0: Ball
1-0: Ground out 4-3 (Groundball, 4M)
Bottom of the 9th over - 3 run(s), 3 hit(s), 0 error(s), 0 left on base; Tuscaloosa 18 - Trenton 3
Monday, December 5th, 2016 - OOTP Baseball 17.12 Build 75